 Dungeon Crawl Stone Soup version 0.31-a0-145-g046c7d2549 (webtiles) character file.

Game seed: 14788309531559454408

82 Faragor the Chiller (level 4, -2/24 HPs)
             Began as a Deep Elf Ice Elementalist on June 5, 2023.
             Slain by a gnoll
             ... wielding a +0 flail
              (3 damage)
             ... on level 3 of the Dungeon.
             The game lasted 00:09:29 (5157 turns).

Faragor the Chiller (Deep Elf Ice Elementalist)     Turns: 5157, Time: 00:09:30

Health: -2/24      AC: 10    Str:  2 (5)  XL:     4   Next: 21%
Magic:  2/11       EV: 13    Int: 20 (22) God:
Gold:   74         SH:  0    Dex: 12 (15) Spells: 3/10 levels left

rFire   . . .        i - +5 dagger (drain)
rCold   + . .        (no shield)
rNeg    . . .        a - +0 robe
rPois   .            (no helmet)
rElec   .            q - +0 cloak
rCorr   .            (no gloves)
SInv    .            (no boots)
Will    .....        (no amulet)
Stlth   ++           n - ring of ice
HPRegen 0.24/turn    (no ring)
MPRegen 0.12/turn

%: no passive effects
@: ice-armoured, very slightly contaminated, unable to read
A: fire resistance 1, inability to read after injury 1, MP-powered wands
a: no special abilities


You were on level 3 of the Dungeon.
You visited 1 branch of the dungeon, and saw 3 of its levels.

You collected 74 gold pieces.

Inventory:

Hand Weapons
 c - a +0 mace
 h - a +0 short sword
 i - a +5 dagger of draining (weapon)
Missiles
 l - a throwing net
Armour
 a - a +0 robe (worn)
 q - a +0 cloak (worn)
Jewellery
 j - a ring of protection from cold
 n - a ring of ice (left hand)
Scrolls
 d - a scroll of blinking
Potions
 b - a potion of magic
 k - a potion of attraction


   Skills:
 + Level 3.4 Dodging
 + Level 3.6 Stealth
 + Level 3.9 Spellcasting
 + Level 5.0 Ice Magic


You had 3 spell levels left.
You knew the following spells:

 Your Spells              Type           Power      Damage    Failure   Level
a - Freeze                Ice            100%       1d10      1%          1
b - Frozen Ramparts       Ice            70%        1d11      4%          3
c - Ozocubu's Armour      Ice            35%        N/A       4%          3

Your spell library contained the following spells:

 Spells                   Type           Power      Damage    Failure   Level
 Summon Ice Beast         Ice/Summ       20%        N/A       43%         4


Dungeon Overview and Level Annotations

Branches:
Dungeon (3/15)

Altars:
Elyvilon

Shops:
D:2 *

Annotations:
D:2 shop + pozione in mezzo acqua


Innate Abilities, Weirdness & Mutations

Your flesh is heat resistant. (rF+)
You occasionally lose the ability to read scrolls when taking damage.
You expend magic power (3 MP) to strengthen your wands.


Message History

The gnoll is lightly wounded.
The gnoll hits you with a +0 flail!
Casting: Freeze (safe; 1% risk of failure)
Confirm with . or Enter, or press ? or * to list all spells.
Aiming: Freeze (safe; 1% risk of failure)
Press: ? - help, Shift-Dir - straight line, f/p - gnoll
Aim: a gnoll, wielding a +0 flail (lightly wounded)
You feel a surge of power!
You miscast Freeze.
You are very lightly contaminated with residual magic.
Nothing appears to happen.
Casting: Freeze (safe; 1% risk of failure)
Confirm with . or Enter, or press ? or * to list all spells.
Aiming: Freeze (safe; 1% risk of failure)
Press: ? - help, Shift-Dir - straight line, f - gnoll, p - gnoll
Aim: a gnoll, wielding a +0 flail You feel a surge of power!
You freeze the gnoll.
The gnoll is moderately wounded.
Casting: Freeze (safe; 1% risk of failure)
Confirm with . or Enter, or press ? or * to list all spells.
Aiming: Freeze (safe; 1% risk of failure)
Press: ? - help, Shift-Dir - straight line, f/p - gnoll
Aim: a gnoll, wielding a +0 flail (moderately wounded)
You feel a surge of power!
You freeze the gnoll.
The gnoll is heavily wounded.
The gnoll hits you with a +0 flail!
You feel threatened and lose the ability to read scrolls!
* * * LOW HITPOINT WARNING * * *
The gnoll barely misses you.
Unknown command.
Casting: Freeze (safe; 1% risk of failure)
Confirm with . or Enter, or press ? or * to list all spells.
Aiming: Freeze (safe; 1% risk of failure)
Press: ? - help, Shift-Dir - straight line, f/p - gnoll
Aim: a gnoll, wielding a +0 flail (heavily wounded)
You feel a surge of power!
You freeze the gnoll.
The gnoll is severely wounded.
The gnoll hits you with a +0 flail!
* * * LOW HITPOINT WARNING * * *
The gnoll hits you with a +0 flail.
You die...

#....# #....# #.....
#..... # #####.
...######## #.
#.........## #.
#...##.....## #.
#....g@.....# ########.
#....g......###>.......
.....................###
....#.#......###.....#
... #.........##.....###
.. ....................
. .#..........#.....###
..........#........#
......##........###


You could see 2 gnolls.

Vanquished Creatures
  A gnoll (D:3)
  An adder (D:3)
  A worm (D:3)
  2 dart slugs
  An orc (D:3)
  4 ball pythons
  7 endoplasms
  4 giant cockroaches
  5 goblins
  4 hobgoblins
  4 kobolds
  2 quokkas
  6 bats
  4 frilled lizards
  7 rats
53 creatures vanquished.

Notes
Turn   | Place    | Note
-------+----------+-------------------------------------------
     0 | D:1      | Faragor the Deep Elf Ice Elementalist began the quest for
                  | the Orb.
     0 | D:1      | Reached XP level 1. HP: 10/10 MP: 6/6
   243 | D:1      | Reached XP level 2. HP: 5/15 MP: 2/8
  2006 | D:2      | Reached XP level 3. HP: 19/19 MP: 8/10
  2786 | D:2      | Found Xolaasom's Assorted Antiques.
  4109 | D:3      | Found a white marble altar of Elyvilon.
  4116 | D:3      | Reached XP level 4. HP: 24/24 MP: 9/11
  4741 | D:3      | Gained mutation: Your flesh is heat resistant. (rF+)
                  | [potion of mutation]
  4741 | D:3      | Gained mutation: You occasionally lose the ability to read
                  | scrolls when taking damage. [potion of mutation]
  4741 | D:3      | Gained mutation: You expend magic power (3 MP) to
                  | strengthen your wands. [potion of mutation]
  5144 | D:3      | Reached skill level 5 in Ice Magic
  5148 | D:3      | Learned a level 3 spell: Frozen Ramparts
  5152 | D:3      | Learned a level 3 spell: Ozocubu's Armour
  5157 | D:3      | HP: 1/24 [gnoll/+0 flail (7)]
  5157 | D:3      | Slain by a gnoll

Illustrated notes

Levels and vault maps discovered:
D:1:      minmay_arrival_loop, layout_loops_ring, serial_forest,
          infiniplex_forest_zigzag_1, infiniplex_forest_zigzag_1,
          infiniplex_forest_end_1, infiniplex_forest_lined_3,
          infiniplex_forest_straight_4, infiniplex_forest_corner_1,
          infiniplex_forest_straight_5
D:2:      layout_loops_cross, serial_shops, nicolae_shop_behind_doors,
          grunt_ministairs_8, grunt_decor_one_mirror,
          corexii_item_surrounded_by_moat, hex_tiny
D:3:      layout_rooms, overflow_temple_1_default, nicolae_the_louvre

Skill      XL: |  1  2  3  4 |
---------------+-------------+-----
Stealth        | 3 |  3.6
Dodging        | 3 |  3.4
Ice Magic      | 5 |  5.0
Spellcasting   | |  3.9

Action                     |  1- 3 |  4- 6 || total
---------------------------+-------+-------++-------
  Melee: Mace              |     2 |       ||     2
         Dagger            |     4 |       ||     4
         Punch             |     1 |       ||     1
   Cast: Freeze            |    65 |    12 ||    77
         Ozocubu's Armour  |       |     1 ||     1
    Use: Scroll            |       |     4 ||     4
         Potion            |       |     4 ||     4
 Armour: Robe              |     5 |     1 ||     6
  Dodge: Dodged            |    38 |     3 ||    41

Table legend: (Time is in decaauts)
 A = Elapsed time spent in this place.
 B = Non-inter-level travel time spent in this place.
 C = Inter-level travel time spent in this place.
 D = Time resting spent in this place.
 E = Time spent auto-exploring this place.
 F = Levels seen in this place.
 G = Mean time per level.
                   A        B        C        D        E       F      G
               +--------+--------+--------+--------+--------+-----+--------+
         Total |   5155 |   5102 |     53 |   3176 |   1428 |   3 | 1718.3 |
       Dungeon |   5155 |   5102 |     53 |   3176 |   1428 |   3 | 1718.3 |
               +--------+--------+--------+--------+--------+-----+--------+

Top non-repeatable levels by time:
     D:2: 1847 daAuts
     D:3: 1719 daAuts
     D:1: 1589 daAuts
